 Dungeon Crawl Stone Soup version 0.19.4-8-ga85b6b9 (webtiles) character file.

23 LORDOFBUTT the Sneak (level 2, -1/13 HPs)
             Began as a Spriggan Enchanter on Feb 11, 2017.
             Slain by Ijyb
             ... wielding a +0 club
              (6 damage)
             ... on level 2 of the Dungeon.
             The game lasted 00:01:06 (1114 turns).

LORDOFBUTT the Sneak (Spriggan Enchanter)           Turns: 1114, Time: 00:01:06

Health: -1/13      AC:  4    Str:  4    XL:     2   Next: 72%
Magic:  5/7        EV: 18    Int: 16    God:
Gold:   104        SH:  0    Dex: 16    Spells: 2 memorised, 4 levels left

rFire  . . .     SeeInvis +     a - +1 dagger
rCold  . . .     Gourm    .     b - +1 robe
rNeg   . . .     Faith    .     (shield restricted)
rPois  .         Spirit   .     i - +1 hat
rElec  .         Reflect  .     (no cloak)
rCorr  .         Harm     .     (gloves unavailable)
MR     .....                    (boots unavailable)
Stlth  +++.......               (no amulet)
                                (no ring)
                                (no ring)

@: very quick
A: unfitting armour, see invisible, herbivore 3, speed 3, slow metabolism 2
a: no special abilities


You were on level 2 of the Dungeon.
You were not hungry.

You visited 1 branch of the dungeon, and saw 2 of its levels.

You collected 104 gold pieces.

Inventory:

Hand Weapons
 a - a +1 dagger (weapon)
Armour
 b - a +1 robe (worn)
 i - a +1 hat (worn)
Jewellery
 f - an uncursed ring of stealth {unknown}
 k - a +6 ring of protection {unknown}
Scrolls
 e - a scroll of identify {unknown}
 h - a scroll of remove curse {unknown}
 j - a scroll of magic mapping {unknown}
Potions
 g - 2 potions of curing {unknown}
 l - a potion of invisibility {unknown}
 m - a potion of lignification {unknown}
Books
 c - a book of Maledictions

   Spells                             Type                      Level
   a - Corona                         Hexes                        1
   b - Ensorcelled Hibernation        Hexes/Ice                    2
   c - Confuse                        Hexes                        3
   d - Tukima's Dance                 Hexes                        3
   e - Dazzling Spray                 Conjuration/Hexes            3
Comestibles
 d - a bread ration


   Skills:
 - Level 1.1 Short Blades
 - Level 3.0 Dodging
 + Level 4.6 Stealth
 * Level 3.4 Spellcasting
 * Level 4.1 Hexes
 + Level 0.4 Ice Magic


You had 4 spell levels left.
You knew the following spells:

 Your Spells              Type           Power        Failure   Level  Hunger
a - Corona                Hex            ###....      4%          1    None
b - Ensorcelled Hibernat  Hex/Ice        ##....       12%         2    ##.....


Dungeon Overview and Level Annotations

Branches:
Dungeon (2/15)

Altars:
Uskayaw
Yredelemnul

Annotations:
D:2 Ijyb


Innate Abilities, Weirdness & Mutations

You are very small and have problems with some larger weapons.
You are too small for most types of armour.
You have supernaturally acute eyesight. (SInv)
You are a herbivore.
You cover ground extremely quickly.
You need consume almost no food.


Message History

The helpless Ijyb fails to defend herself.
You puncture Ijyb!
Ijyb is severely wounded.
Ijyb misses you.
You hit Ijyb but do no damage.
Ijyb is severely wounded.
Ijyb hits you with a club.
Ijyb is nearby!
Ijyb is nearby!
You hit Ijyb but do no damage.
Ijyb is severely wounded.
Ijyb drinks a potion.
Ijyb is healed!
You hit Ijyb but do no damage. Ijyb completely misses you.
Casting: Ensorcelled Hibernation
Confirm with . or Enter, or press ? or * to list all spells.
Aiming: Ensorcelled Hibernation
Press: ? - help, Shift-Dir - straight line, f - Ijyb
Aim: Ijyb, wielding a club (chance to defeat MR: 50%) Ijyb resists with some effort.
Ijyb hits you with a club.
You die...

##≈..≈### ##..
........ #≈≈..≈≈## ##
## #. #####.#.
≈≈....≈≈# .. ...#..#
#.#. ≈..≈...≈#
#.#.##.#.. #.#.
≈)..≈..≈# #.#.##..##
#.#. ≈≈.†..≈≈#
#.#.##...### #.#.
#≈≈..≈≈##
#.#........## #...
##≈..≈##
####g#..####...# ##...
##''##
#$...@..#(.#...###....
#..#
#.##....#(.#._..##.#.#
##.#
#.......#..#.......#.#
#.#
#.####..####...###.#.#
####.###.###
#........## #....
<...........
#..#.....# #....
####.###....
#..#?###...?..... #.#
## #%...# #.........
..# #!##.# #.#.......


You could see Ijyb and 2 dancing weapons.

Vanquished Creatures
  2 leopard geckos
  A giant cockroach (D:1)
  A goblin (D:2)
  3 hobgoblins (D:1)
  4 bats
  A frilled lizard (D:2)
  4 kobolds
  6 rats
22 creatures vanquished.

Notes
Turn   | Place    | Note
-------+----------+-------------------------------------------
     0 | D:1      | LORDOFBUTT the Spriggan Enchanter began the quest for the Orb.
     0 | D:1      | Reached XP level 1. HP: 9/9 MP: 5/5
   259 | D:1      | Reached XP level 2. HP: 3/13 MP: 7/7
   506 | D:1      | Learned a level 2 spell: Ensorcelled Hibernation
   993 | D:2      | Found a basalt altar of Yredelemnul.
  1096 | D:2      | Found a hide-covered altar of Uskayaw.
  1096 | D:2      | Noticed a dagger
  1097 | D:2      | Noticed a dagger
  1102 | D:2      | Noticed Ijyb
  1114 | D:2      | Slain by Ijyb

Skill      XL: |  1  2 |
---------------+-------+-----
Spellcasting   | 3 |  3.4
Hexes          | 4 |  4.1
Short Blades   | |  1.1
Dodging        | |  3.0
Stealth        | |  4.6
Ice Magic      | |  0.4

Action                   || total
-------------------------++-------
Melee: Dagger            ||    76
 Cast: Ensorcelled Hiber ||     4
 Stab: Sleeping          ||    11
Armor: Robe              ||     5
Dodge: Dodged            ||    54
